 Dungeon Crawl Stone Soup version 0.28-a0-1227-ga9037bb4c8 (webtiles) character file.

Game seed: 13996240386283322658

31315 ytrimaz the Martial Artist (level 13, -3/104 HPs)
             Began as an Octopode Conjurer on Dec 22, 2021.
             Was a Believer of Ashenzari.
             Slain by a killer bee (9 damage)
             ... on level 3 of the Lair of Beasts on Dec 23, 2021.
             The game lasted 00:39:23 (25178 turns).

ytrimaz the Martial Artist (Octopode Conjurer)     Turns: 25178, Time: 00:39:24

Health: -3/104     AC:  8    Str:  7    XL:     13   Next: 57%
Magic:  24/24      EV: 12    Int: 27    God:    Ashenzari [**....]
Gold:   1692       SH:  0    Dex: 10    Spells: 5/27 levels left

rFire   + + .      SeeInvis +     - Unarmed
rCold   + + +      Faith    .   (shield currently unavailable)
rNeg    + + .      Spirit   .   (helmet currently unavailable)
rPois   +          Reflect  +   d - amulet of reflection
rElec   .          Harm     .   h - +6 ring of intelligence
rCorr   +          Rampage  .   E - ring of wizardry
Will    ++...                   j - ring of positive energy
Stlth   ++........              c - ring of Ashenzari's Planets {rF+ Will+, Cun, Elem} (curse)
HPRegen 0.27/turn               b - ring of Ashenzari's Gloom {rF+, Evo, Cun} (curse)
MPRegen 0.19/turn               e - ring of the Tethered God {rF+, Melee, Bglg} (curse)
                                w - ring "Per Aspera Ad Scientiam" {Will+ rCorr Int-4 Stlth+, Bglg, Melee} (curse)
                                y - ring of positive energy

@: confused, mighty, ice-form, ambrosia-drunk, on berserk cooldown, slowed, very
slow
A: freezing attack, boosted hp, almost no armour, amphibious, 8 rings, large,
(camouflage 1), (gelatinous body 1), (nimble swimmer 1), (tentacles), (fangs 1),
(electricity resistance)
a: End Transformation, Renounce Religion, Shatter the Chains


You were on level 3 of the Lair of Beasts.
You worshipped Ashenzari.
Ashenzari was pleased with you.
You were a creature of crystalline ice.
You visited 3 branches of the dungeon, and saw 14 of its levels.
You also visited: Bailey.

You collected 2044 gold pieces.
You spent 352 gold pieces at shops.

Inventory:

Missiles
 l - 6 throwing nets
Armour
 C - the cursed +2 hat of the Bound Awkwardness (melded) {Will+, Fort, Elem}
   (You found it on level 9 of the Dungeon)

   It has a curse which improves the following skills: Fortitude: Shields.
   Elements:  Fire Magic, Ice Magic, Air Magic and Earth Magic.
Jewellery
 b - the cursed ring of Ashenzari's Gloom (on tentacle) {rF+, Evo, Cun}
   (You found it on level 5 of the Dungeon)

   [ring of protection from fire]

   rF:        It protects you from fire.
   It has a curse which improves the following skills: Evocations: Evocations.
   Cunning:   Dodging and Stealth.
 c - the cursed ring of Ashenzari's Planets (on tentacle) {rF+ Will+, Cun, Elem}
   (You acquired it on level 5 of the Dungeon)

   [ring of willpower]

   rF:        It protects you from fire.
   Will:      It increases your willpower.
   It has a curse which improves the following skills: Cunning: Dodging and
   Stealth.
   Elements:  Fire Magic, Ice Magic, Air Magic and Earth Magic.
 d - an amulet of reflection (around neck)
 e - the cursed ring of the Tethered God (on tentacle) {rF+, Melee, Bglg}
   (You took it off a gnoll on level 5 of the Dungeon)

   [ring of protection from fire]

   rF:        It protects you from fire.
   It has a curse which improves the following skills: Melee Combat: Short
   Blades, Long Blades, Axes, Maces & Flails, Polearms, Staves and Unarmed
   Combat.
   Beguiling: Conjurations, Hexes and Translocations.
 h - a +6 ring of intelligence (left front paw)
 i - a +4 ring of evasion
 j - a ring of positive energy (on tentacle)
 w - the cursed ring "Per Aspera Ad Scientiam" (on tentacle) {Will+ rCorr Int-4 Stlth+, Bglg, Melee}
   (You acquired it in a bailey)

   [ring of resist corrosion]

   Int:       It affects your intelligence (-4).
   rCorr:     It protects you from acid and corrosion.
   Will:      It increases your willpower.
   Stlth:     It makes you more stealthy.
   It has a curse which improves the following skills: Beguiling: Conjurations,
   Hexes and Translocations.
   Melee Combat: Short Blades, Long Blades, Axes, Maces & Flails, Polearms,
   Staves and Unarmed Combat.
 y - a ring of positive energy (on tentacle)
 E - a ring of wizardry (right front paw)
Wands
 g - a wand of flame (24)
 k - a wand of iceblast (4)
 t - a wand of acid (15)
 B - a wand of charming (3)
Scrolls
 m - a scroll of enchant armour
 o - a scroll of immolation
 p - 2 scrolls of silence
 u - 2 scrolls of amnesia
 x - a scroll of magic mapping
Potions
 a - 7 potions of brilliance
 f - 4 potions of mutation
 n - a potion of magic
 q - 6 potions of cancellation
 r - 2 potions of resistance
 s - 2 potions of attraction
 v - a potion of might
 z - 2 potions of curing
 A - a potion of ambrosia
 D - a potion of flight
 F - 4 potions of berserk rage


   Skills:
 + Level 7.6 Fighting
 * Level 7.4(9.8) Dodging
 - Level 2.6(4.5) Stealth
 - Level 1.6 Shields
 + Level 14.1(16.3) Unarmed Combat
 * Level 7.9 Spellcasting
 - Level 8.1(10.4) Conjurations
 * Level 6.9 Transmutations
 * Level 4.2(5.6) Earth Magic
 - Level 6.0 Poison Magic


You had 5 spell levels left.
You knew the following spells:

 Your Spells              Type           Power      Damage    Failure   Level
a - Iron Shot             Conj/Erth      26%        9d6       12%         6
b - Blade Hands           Tmut           24%        N/A       3%          5
c - Spider Form           Tmut/Pois      45%        N/A       1%          3
d - Ice Form              Ice/Tmut       29%        N/A       4%          4
e - Hailstorm             Conj/Ice       39%        3d9       2%          4

Your spell library contained the following spells:

 Spells                   Type           Power      Damage    Failure   Level
 Apportation              Tloc           24%        N/A       1%          1
 Magic Dart               Conj           100%       1d8       1%          1
 Sting                    Tmut/Pois      100%       1d8       1%          1
 Passwall                 Tmut/Erth      36%        N/A       1%          2
 Searing Ray              Conj           100%       2d8       1%          2
 Dazzling Flash           Conj/Hex       78%        N/A       1%          3
 Ignite Poison            Fire/Tmut/Pois 34%        N/A       1%          3
 Mephitic Cloud           Conj/Pois/Air  40%        N/A       1%          3
 Iskenderun's Battlesphe  Conj           61%        2d11      1%          5
 Animate Skeleton         Necr           20%        N/A       2%          1
 Pain                     Necr           40%        1d6       2%          1
 Fulminant Prism          Conj/Hex       19%        3d11      2%          4
 Iskenderun's Mystic Bla  Conj/Tloc      39%        2d9       2%          4
 Call Imp                 Summ           10%        N/A       3%          2
 Ensorcelled Hibernation  Hex/Ice        24%        N/A       3%          2
 Tukima's Dance           Hex            12%        N/A       6%          3
 Vampiric Draining        Necr           10%        2d6       6%          3
 Animate Dead             Necr           5%         N/A       21%         4
 Agony                    Necr           10%        N/A       50%         5
 Excruciating Wounds      Necr           5%         N/A       50%         5
 Eringya's Noxious Bog    Tmut/Pois      22%        N/A       22%         6
 Starburst                Conj/Fire      19%        6d7       34%         6
 Spellforged Servitor     Conj/Summ      19%        N/A       88%         7
 Simulacrum               Ice/Necr       5%         N/A       95%         6
 Haunt                    Necr/Summ      5%         N/A       100%        7
 Infestation              Necr           5%         N/A       100%        8


Dungeon Overview and Level Annotations

Branches:
Dungeon (10/15)            Temple (1/1) D:6            Lair (3/6) D:10
 Shoals (0/4) Lair:2       Spider (0/4) Lair:2          Orc (0/2) D:10
 Bailey (visited)

Altars:
Ashenzari
Cheibriados
Dithmenos
Elyvilon
Fedhas
Gozag
Hepliaklqana
Kikubaaqudgha
Makhleb
Nemelex Xobeh
Okawaru
Qazlal
Ru
Sif Muna
Trog
Uskayaw
Vehumet
Wu Jian
Xom
Yredelemnul
Zin
The Shining One

Shops:
D:3 *

Annotations:
D:6 1 runed translucent door, ragingrage's ghost, novice TrHu
D:7 1 runed translucent door, Crazy Yiuf


Innate Abilities, Weirdness & Mutations

You are a creature of crystalline ice.
You have a powerful freezing melee attack.
Your maximum health is increased.
Your armour is entirely melded.
You are incapable of wielding weapons or throwing items.
You cannot wear most types of armour.
You are amphibious.
You can wear up to eight rings at the same time.
((Your skin changes colour to match your surroundings (Stealth+).))
((Your rubbery body absorbs attacks. (AC +1, EV +1)))
((You are camouflaged when in or above water. (Stealth+)))
((You have tentacles for arms and can constrict up to eight enemies at once.))
((You have very sharp teeth.))
((You are resistant to electric shocks. (rElec)))


Message History

A queen bee comes into view.
The killer bee closely misses you.
Unknown command.
Unknown command.
Okay, then.
Okay, then.
Unknown command.
You feel better. You block the killer bee's attack.
The killer bee closely misses you. The killer bee stings you.
* * * LOW HITPOINT WARNING * * *
The killer bee misses you. The killer bee stings you.
* * * LOW HITPOINT WARNING * * *
The killer bee misses you.
Unknown command.
Unknown command.
You are confused.
You feel invigorated. The killer bee barely misses you.
The killer bee stings you but does no damage.
The killer bee barely misses you. The killer bee stings you.
* * * LOW HITPOINT WARNING * * *
The killer bee stings you but does no damage. x2
Unknown command.
Unknown command.
The killer bee misses you. The killer bee completely misses you.
The killer bee stings you.
* * * LOW HITPOINT WARNING * * *
The killer bee closely misses you.
The queen bee calls on the killer bee to defend it!
The killer bee goes berserk!
The killer bee stings you but does no damage.
The killer bee misses you. The killer bee stings you!
* * * LOW HITPOINT WARNING * * *
The killer bee stings you!
* * * LOW HITPOINT WARNING * * *
The killer bee stings you but does no damage.
The killer bee barely misses you.
The killer bee stings you but does no damage. x2
The killer bee closely misses you. The killer bee stings you!
You die...

* * #####
##.......... #...
,,###......#.... #.!.
,,#.......####.. #.!.
,,#.......# ##. #...,
##..#..## ##
#.!.y,,#.#÷...## ####
..y{∆∆##.#....# #...
##y#######....###...
##.yY..# #..........
#....†.#####......##.
###..†...#.†....##.#.
##.....†.†....##...
#...........P.##..
##................
*#............#....
#.......#..........
###
*........P####.......


You could see a queen bee and 2 killer bees.

Vanquished Creatures
  2 catoblepae (Lair:2)
  3 hydras
  Harold (Lair:1)
  5 two-headed ogres
  3 death yaks (D:9)
  Pikel (D:5)
  A deep elf zephyrmancer (D:9)
  A deep elf pyromancer (D:9)
  8 cane toads
  An unseen horror (D:10)
  Maggie (D:10)
  4 rime drakes
  3 kobold demonologists
  4 komodo dragons
  2 polar bears (Lair:3)
  2 trolls (D:10)
  Prince Ribbit (D:5)
  5 blink frogs
  5 dream sheep (Lair:3)
  37 yaks
  A tarantella (Lair:2)
  A vampire (D:10)
  2 wyverns (D:9)
  2 steam dragons
  10 water moccasins
  Duvessa (D:5)
  A swamp drake (D:9)
  4 orc warriors
  3 ice beasts (D:7)
  2 black bears
  4 ogres
  A necrophage (D:6)
  A centaur (D:10)
  A phantom (D:6)
  4 kobold brigands
  15 bullfrogs
  3 scorpions
  Dowan (D:5)
  2 water moccasin skeletons
  27 killer bees
  3 wights (D:8)
  6 howler monkeys
  3 centaur zombies
  A crimson imp (D:9)
  8 hounds
  2 jellies
  2 gnoll shamans
  4 orc priests
  An iron imp (D:9)
  2 iguanas
  10 orc wizards
  A hound skeleton (D:4)
  19 gnolls
  8 adders
  A shadow imp (D:9)
  3 white imps
  An ufetubus (D:4)
  4 worms
  37 orcs
  7 ball pythons
  6 bats
  4 endoplasms
  2 giant cockroaches
  5 goblins
  12 hobgoblins
  2 jackals (D:4)
  3 quokkas
  3 frilled lizards
  32 kobolds
  8 rats
376 creatures vanquished.

Vanquished Creatures (others)
  19 fungi
  19 plants
  2 withered plants (D:6)
40 creatures vanquished.

Grand Total: 416 creatures vanquished

Notes
Turn   | Place    | Note
-------+----------+-------------------------------------------
     0 | D:1      | ytrimaz the Octopode Conjurer began the quest for the Orb.
     0 | D:1      | Reached XP level 1. HP: 11/11 MP: 3/3
   130 | D:1      | Reached XP level 2. HP: 17/17 MP: 0/5
   481 | D:1      | Got the Guide on Warped Envenoming
   488 | D:1      | Learned a level 2 spell: Searing Ray
  1062 | D:1      | Identified a scroll of acquirement
  1183 | D:2      | Reached XP level 3. HP: 22/22 MP: 4/6
  1187 | D:2      | Learned a level 3 spell: Spider Form
  1233 | D:2      | Reached skill level 1 in Fighting
  1534 | D:2      | Reached skill level 1 in Unarmed Combat
  1750 | D:2      | Reached XP level 4. HP: 23/28 MP: 3/7
  2010 | D:2      | Found a faded altar of an unknown god.
  2133 | D:2      | Reached skill level 1 in Poison Magic
  2728 | D:3      | Found Nilesumoeto's General Store.
  2925 | D:3      | Reached skill level 5 in Conjurations
  2925 | D:3      | Reached XP level 5. HP: 28/34 MP: 2/8
  4067 | D:4      | Reached skill level 2 in Unarmed Combat
  4067 | D:4      | Reached XP level 6. HP: 38/39 MP: 3/10
  4501 | D:5      | Entered Level 5 of the Dungeon
  4576 | D:5      | Reached XP level 7. HP: 45/45 MP: 7/12
  4702 | D:5      | Acquired 1072 gold pieces
  4707 | D:5      | Acquired the ring of Zozas {rF+ Will+}
  4717 | D:5      | Learned a level 4 spell: Iskenderun's Mystic Blast
  5057 | D:5      | Noticed Duvessa
  5064 | D:5      | Noticed Dowan
  5075 | D:5      | Killed Duvessa
  5076 | D:5      | Reached skill level 3 in Unarmed Combat
  5091 | D:5      | Killed Dowan
  5614 | D:5      | Noticed Prince Ribbit
  6361 | D:5      | Found a sacrificial altar of Ru.
  6389 | D:5      | Reached XP level 8. HP: 35/52 MP: 10/13
  6438 | D:5      | Killed Prince Ribbit
  6439 | D:5      | Reached skill level 4 in Unarmed Combat
  6917 | D:5      | Noticed Pikel
  6935 | D:5      | Killed Pikel
  6936 | D:5      | Reached skill level 1 in Shields
  6936 | D:5      | Reached skill level 5 in Unarmed Combat
  7303 | D:6      | Reached XP level 9. HP: 59/59 MP: 12/15
  7324 | D:6      | Reached skill level 6 in Unarmed Combat
  7324 | D:6      | Reached skill level 5 in Poison Magic
  8102 | D:6      | Found a runed translucent door.
  8166 | D:6      | Found a staircase to the Ecumenical Temple.
  8189 | D:6      | Reached skill level 5 in Fighting
  8189 | D:6      | Reached skill level 7 in Unarmed Combat
  8207 | Temple   | Entered the Ecumenical Temple
  8794 | Temple   | Became a worshipper of Ashenzari the Shackled
  9009 | D:6      | Noticed ragingrage's ghost (novice TrHu)
  9315 | D:7      | Found a flagged portal.
  9324 | Bailey   | Entered a bailey
 10037 | Bailey   | Acquired the ring "Bul Tem" {Will+ rCorr Int-4 Stlth+}
 10112 | D:7      | Reached skill level 8 in Unarmed Combat
 10281 | D:7      | Reached XP level 10. HP: 66/66 MP: 14/17
 10773 | D:7      | Found a runed translucent door.
 10774 | D:7      | Noticed Crazy Yiuf
 11762 | D:8      | Noticed a two-headed ogre
 11785 | D:8      | Killed a two-headed ogre
 11786 | D:8      | Reached skill level 9 in Unarmed Combat
 11786 | D:8      | Reached skill level 5 in Spellcasting
 11972 | D:8      | Reached skill level 1 in Transmutations
 12992 | D:9      | Noticed a two-headed ogre
 13016 | D:9      | Killed a two-headed ogre
 13017 | D:9      | Reached skill level 10 in Unarmed Combat
 13360 | D:9      | Reached XP level 11. HP: 69/72 MP: 14/18
 13481 | D:9      | Noticed a deep elf zephyrmancer
 13486 | D:9      | Killed a deep elf zephyrmancer
 13487 | D:9      | Reached skill level 5 in Dodging
 13498 | D:9      | Noticed a deep elf pyromancer
 13505 | D:9      | Killed a deep elf pyromancer
 14094 | D:9      | Reached skill level 11 in Unarmed Combat
 14996 | D:3      | Bought the Collected Works on Changing for 352 gold pieces
 15002 | D:3      | Learned a level 5 spell: Blade Hands
 15123 | D:10     | Entered Level 10 of the Dungeon
 15123 | D:10     | Noticed Maggie
 15144 | D:10     | Killed Maggie
 15325 | D:10     | Noticed a death yak
 15327 | D:10     | Noticed a death yak
 15329 | D:10     | Noticed a death yak
 15419 | D:9      | Killed a death yak
 15695 | D:9      | Killed a death yak
 15979 | D:9      | Killed a death yak
 15982 | D:9      | HP: 4/111 [yak (9)]
 16734 | D:10     | Found a staircase to the Orcish Mines.
 17461 | D:10     | Found a staircase to the Lair.
 17464 | D:10     | Reached * piety under Ashenzari
 17548 | D:10     | Identified the cursed +2 hat of the Bound Awkwardness
                  | {Will+, Fort, Elem} (You found it on level 9 of the
                  | Dungeon)
 17557 | D:10     | Reached skill level 12 in Unarmed Combat
 17574 | D:10     | Noticed a two-headed ogre
 17592 | D:10     | Noticed a two-headed ogre
 17624 | D:10     | Killed a two-headed ogre
 17625 | D:10     | Reached XP level 12. HP: 45/81 MP: 17/20
 18033 | D:10     | Killed a two-headed ogre
 18130 | D:10     | Noticed a two-headed ogre
 18159 | D:10     | Killed a two-headed ogre
 18708 | Lair:1   | Entered Level 1 of the Lair of Beasts
 18716 | Lair:1   | Learned a level 6 spell: Iron Shot
 18741 | Lair:1   | Reached skill level 5 in Transmutations
 18897 | Lair:1   | Reached skill level 1 in Earth Magic
 19008 | Lair:1   | Noticed Harold
 19021 | Lair:1   | Killed Harold
 19700 | Lair:1   | Reached skill level 13 in Unarmed Combat
 20210 | Lair:2   | Identified the +4 rapier of the Spectre {spect, Dex+5}
 20547 | Lair:2   | Found a hole to the Spider Nest.
 20773 | Lair:2   | Gained mutation: You sometimes lose the ability to read
                  | scrolls when taking damage. [potion of mutation]
 20773 | Lair:2   | Gained mutation: You have very sharp teeth. [potion of
                  | mutation]
 20773 | Lair:2   | Gained mutation: You are partially covered in large bone
                  | plates. (SH +4) [potion of mutation]
 20774 | Lair:2   | Lost mutation: You are partially covered in large bone
                  | plates. (SH +4) [potion of mutation]
 20774 | Lair:2   | Lost mutation: You sometimes lose the ability to read
                  | scrolls when taking damage. [potion of mutation]
 20774 | Lair:2   | Gained mutation: You are resistant to electric shocks.
                  | (rElec) [potion of mutation]
 20795 | Lair:2   | Noticed a catoblepas
 21455 | Lair:2   | Noticed a four-headed hydra
 21597 | Lair:2   | Killed a catoblepas
 21598 | Lair:2   | Reached XP level 13. HP: 30/86 MP: 23/23
 21868 | Lair:2   | Found a staircase to the Shoals.
 21914 | Lair:2   | Learned a level 4 spell: Ice Form
 22015 | Lair:2   | Learned a level 4 spell: Hailstorm
 22899 | Lair:2   | Reached ** piety under Ashenzari
 24204 | Lair:3   | Identified the +8 mace of Doors {vorpal, Int+3}
 24344 | Lair:3   | Reached skill level 14 in Unarmed Combat
 25178 | Lair:3   | Slain by a killer bee

Illustrated notes

Levels and vault maps discovered:
D:1:      lightli_molten_gateway, layout_loops_ring
D:2:      layout_loops_ring, hellmonk_ecumenical_altar_heavens_door
D:3:      layout_loops_corners, serial_shops, nicolae_shop_behind_doors
D:4:      layout_rooms
D:5:      layout_loops_ring, lemuel_doored_altar, uniq_prince_ribbit1,
          uniq_duvessa, uniq_pikel
D:6:      lemuel_ice_spiral_2, layout_basic,
          minmay_temple_entry_enclosed_plants, gammafunk_ghost_grave
D:7:      layout_gridville, enter_bailey_2, uniq_crazy_yiuf_cottage
D:8:      layout_loops_ring, special_room [special_room_orc]
D:9:      layout_loops_ring, hangedman_minor_magic
D:10:     layout_roguey, dpeg_lair_monsters, orc_0_dummy, minmay_quadrilaterals,
          uniq_maggie
Temple:   mainiacjoe_temple_starburst
Lair:1:   layout_regular_city, grunt_megastairs_3, uniq_harold
Lair:2:   layout_cave_pods, shoals_dummy_entry, spider_nest_entry_rubble,
          beast_lair_carwin_9
Lair:3:   layout_layer_cave, special_room [special_room_bee],
          serial_bayou_pond_e, st_stairs_13

Skill      XL: |  1  2  3  4  5  6  7  8  9 10 11 12 13 |
---------------+----------------------------------------+-----
Fighting       | 1 2 3 4 5 6 7 |  7.6
Unarmed Combat | 1 2 3 5 8 10 12 13 14 | 14.1
Poison Magic   | 1 2 3 4 6 |  6.0
Conjurations   | 5 6 7 8 |  8.1
Spellcasting   | 3 4 5 6 7 |  7.9
Dodging        | 3 4 5 6 7 |  7.4
Shields        | 1 |  1.6
Transmutations | 2 4 5 6 |  6.9
Earth Magic    | 3 4 |  4.2
Stealth        | |  2.6

Action                   |  1- 3 |  4- 6 |  7- 9 | 10-12 | 13-15 || total
-------------------------+-------+-------+-------+-------+-------++-------
Melee: Unarmed           |     4 |    24 |   265 |   641 |   145 ||  1079
       Tentacles         |     1 |     1 |     1 |     7 |       ||    10
       Constrict         |     1 |     3 |     3 |     6 |       ||    13
       Punch             |       |       |       |     2 |       ||     2
 Cast: Magic Dart        |    58 |    62 |    14 |     6 |       ||   140
       Searing Ray       |     1 |     3 |     8 |    13 |       ||    25
       Spider Form       |       |     3 |    43 |    76 |     3 ||   125
       Iskenderun's Myst |       |       |     1 |     5 |       ||     6
       Blade Hands       |       |       |       |     1 |       ||     1
       Iron Shot         |       |       |       |     5 |       ||     5
       Ice Form          |       |       |       |       |    23 ||    23
       Hailstorm         |       |       |       |       |    23 ||    23
Invok: Curse Item        |       |       |     1 |     2 |     2 ||     5
Evoke: Wand              |       |       |       |     2 |       ||     2
  Use: Scroll            |     4 |     6 |     8 |     5 |     1 ||    24
       Potion            |       |       |     4 |    10 |     4 ||    18
 Stab: Sleeping          |       |     1 |     2 |     5 |     5 ||    13
Armor: Skin              |     2 |     2 |    18 |    29 |    46 ||    97
Dodge: Dodged            |       |    25 |   254 |   480 |   118 ||   877
Block: Other             |       |     2 |    63 |   119 |    37 ||   221
       Reflection        |       |       |       |     5 |     1 ||     6

Table legend: (Time is in decaauts)
 A = Elapsed time spent in this place.
 B = Non-inter-level travel time spent in this place.
 C = Inter-level travel time spent in this place.
 D = Time resting spent in this place.
 E = Time spent auto-exploring this place.
 F = Levels seen in this place.
 G = Mean time per level.
                   A        B        C        D        E       F      G
               +--------+--------+--------+--------+--------+-----+--------+
         Total |  24977 |  24171 |    806 |   6644 |  13988 |  15 | 1665.1 |
       Dungeon |  17244 |  16597 |    647 |   4535 |   9470 |  10 | 1724.4 |
        Temple |    642 |    540 |    102 |      0 |    532 |   1 |  642.0 |
          Lair |   6378 |   6321 |     57 |   1730 |   3790 |   3 | 2126.0 |
        Bailey |    712 |    712 |      0 |    379 |    196 |   1 |  712.0 |
               +--------+--------+--------+--------+--------+-----+--------+

Top non-repeatable levels by time:
  Lair:2: 3449 daAuts
     D:9: 2809 daAuts
    D:10: 2507 daAuts
     D:5: 2253 daAuts
     D:4: 1737 daAuts
     D:8: 1667 daAuts
     D:7: 1638 daAuts
  Lair:3: 1487 daAuts
  Lair:1: 1441 daAuts
     D:3: 1199 daAuts
     D:2: 1158 daAuts
     D:6: 1152 daAuts
     D:1: 1121 daAuts
  Bailey: 712 daAuts
  Temple: 642 daAuts
